 Dungeon Crawl Stone Soup version 0.19-a0-1815-g4007336 (webtiles) character file.

30 Amnesiac the Magician (level 3, -10/24 HPs)
             Began as a Mummy Wizard on Oct 5, 2016.
             Killed from afar by an orc wizard (16 damage)
             ... with a puff of flame
             ... on level 4 of the Dungeon.
             The game lasted 00:04:16 (1347 turns).

Amnesiac the Magician (Mummy Wizard)                Turns: 1347, Time: 00:04:16

Health: -10/24     AC:  2    Str: 10    XL:     3   Next: 3%
Magic:  2/8        EV: 12    Int: 17    God:
Gold:   42         SH:  0    Dex: 11    Spells: 3 memorised, 4 levels left

rFire  x . .     SeeInvis .     i - +0 spear (curse)
rCold  + . .     Gourm    .     a - +0 robe
rNeg   + + +     Faith    .     (no shield)
rPois  ∞         Spirit   .     b - +0 hat
rElec  .         Dismiss  .     (no cloak)
rCorr  .         Reflect  .     (no gloves)
MR     .....     Harm     .     (no boots)
Stlth  ++........               (no amulet)
                                (no ring)
                                (no ring)

@: very slightly contaminated
A: no food or potions, fire vulnerability, cold resistance 1, negative energy
resistance 3, torment resistance, unbreathing
a: no special abilities


You were on level 4 of the Dungeon.
You were not hungry.

You visited 1 branch of the dungeon, and saw 4 of its levels.

You collected 42 gold pieces.

Inventory:

Hand Weapons
 i - a cursed +0 spear (weapon)
Armour
 a - a +0 robe (worn)
 b - a +0 hat (worn)
 h - a storm dragon hide
Scrolls
 d - a scroll of remove curse {unknown}
 e - 3 scrolls of identify
 f - a scroll of immolation {unknown}
 g - a scroll of recharging
Books
 c - a book of Minor Magic

   Spells                             Type                      Level
   a - Magic Dart                     Conjuration                  1
   b - Blink                          Translocation                2
   c - Call Imp                       Summoning                    2
   d - Repel Missiles                 Charms/Air                   2
   e - Slow                           Hexes                        2
   f - Conjure Flame                  Conjuration/Fire             3
   g - Mephitic Cloud                 Conjuration/Poison/Air       3


   Skills:
 - Level 1.5 Dodging
 - Level 1.5 Stealth
 + Level 4.0 Spellcasting
 - Level 1.0 Conjurations
 - Level 0.7 Summonings
   Level 0.7 Translocations


You had 4 spell levels left.
You knew the following spells:

 Your Spells              Type           Power        Failure   Level  Hunger
d - Call Imp              Summ           #.......     21%         2    N/A
e - Mephitic Cloud        Conj/Pois/Air  #.......     47%         3    N/A
f - Magic Dart            Conj           #...         12%         1    N/A

Dungeon Overview and Level Annotations

Branches:
Dungeon (4/15)             Temple (0/1) D:4

Altars:
Okawaru
Xom

Annotations:
D:4 exclusion: 2 doors


Innate Abilities, Weirdness & Mutations

You do not eat or drink.
Your flesh is vulnerable to fire.
You are immune to poison.
Your flesh is cold resistant. (rC+)
You are immune to negative energy. (rN+++)
You are immune to unholy pain and torment.
You can survive without breathing.


Message History

The orc wizard gestures at you while chanting.
The puff of flame misses you.
Found a stone staircase leading up.
An orc comes into view. It is wielding a short sword.
The crimson imp shouts, "Accept thy failure, thou mangled full-gorged yak-dropping!"
The crimson imp blinks!
An orc comes into view. It is wielding a club.
The orc shouts!
The orc wizard hits you but does no damage.
The orc misses you.
Found a staircase to the Ecumenical Temple.
Press: ? - help, v - describe, . - travel
Here: an orc, wielding an enchanted dagger and wearing a leather armour The floor.
The crimson imp blinks!
The crimson imp barely misses you.
The orc wizard gestures at you while chanting.
The puff of flame hits you! The fire burns you terribly!
Ouch! That really hurt!
You die...

######### #####
#.......############....
.....................÷..
#@#######.###..#.%
...###o........# #..#..
.......5.o..#######.....
...>....#o<...#.....##..
##......o..#..#.######..
#.........#..# #<# #..
#.........#..# #.# #..
#............. #.####..
#............###.......


You could see an orc wizard, a crimson imp and 3 orcs.

Vanquished Creatures
  An orc (D:4)
  2 bats (D:2)
  3 giant cockroaches
  2 hobgoblins (D:1)
  A kobold (D:3)
  2 frilled lizards (D:2)
  5 goblins
  2 rats
18 creatures vanquished.

Vanquished Creatures (collateral kills)
  An adder (D:3)
  2 orcs (D:3)
3 creatures vanquished.

Grand Total: 21 creatures vanquished

Notes
Turn   | Place    | Note
-------+----------+-------------------------------------------
     0 | D:1      | Amnesiac the Mummy Wizard began the quest for the Orb.
     0 | D:1      | Reached XP level 1. HP: 13/13 MP: 4/4
    22 | D:1      | Reached skill level 1 in Conjurations
   372 | D:1      | Reached XP level 2. HP: 11/19 MP: 0/6
   422 | D:1      | Learned a level 2 spell: Call Imp
   903 | D:4      | Found a shimmering altar of Xom.
   916 | D:4      | Noticed a crimson imp
   918 | D:4      | Noticed a crimson imp
  1188 | D:3      | Found an iron altar of Okawaru.
  1289 | D:3      | Reached XP level 3. HP: 10/24 MP: 1/8
  1299 | D:3      | Learned a level 3 spell: Mephitic Cloud
  1312 | D:4      | Reached skill level 4 in Spellcasting
  1343 | D:4      | Found a staircase to the Ecumenical Temple.
  1347 | D:4      | Killed from afar by an orc wizard

Vault maps used:
D:1:      eino_arrival_water_cross
D:2:      uniq_crazy_yiuf_cottage
D:3:      okawaru_ov_weapons_minmay, first_bread
D:4:      nicolae_ru_path_of_blood, serial_glass, glass_columns_a,
          glass_columns_a, led_xom_imps

Skill      XL: |  1  2  3 |
---------------+----------+-----
Conjurations   | 1 |  1.0
Spellcasting   | 4 |  4.0
Dodging        | |  1.5
Stealth        | |  1.5
Summonings     | |  0.7
Translocations | |  0.7

Action                   || total
-------------------------++-------
Melee: Unarmed           ||    21
       Spear             ||    15
 Cast: Magic Dart        ||    46
       Call Imp          ||    12
  Use: Scroll            ||     1
Armor: Robe              ||    19
Dodge: Dodged            ||    56
